Cogmind - Beta 16 @@@ ROGUE MODE // 2025.11.29 @ 18:04:01 Player: Torako Result: Destroyed by L-41 Fighter with Axe Performance ------------- Evolutions (4) 2000 Regions Visited (7) 1400 Robots Destroyed (61) 305 Value Destroyed (2734) 2734 Prototype IDs (21) 420 Alien Tech Used (0) 0 Bonus (1372) 1372 TOTAL SCORE: 8231 Bonus ------- Pacifist 364 High Alert Combat Kills 30 Follower Combat Kills 178 Registered with UFD 300 Met Optimus in HQ 500 Cogmind --------- Core Integrity 0/850 Matter 280/300 Energy 22/100 System Corruption 20% Temperature Cool (0) Movement Walking (120) Location -6/Extension Parts ------- > --- POWER (2) -------- (None) > --- PROPULSION (5) --- Carbon-fiber Leg Flexi-carbon Leg Flexi-carbon Leg > --- UTILITY (6) ------ Advanced Heat Sink High-capacity Storage Unit Advanced Signal Interpreter Core Analyzer Improved Light Armor Plating A0-MCA's Component Scanner > --- WEAPON (2) ------- Heavy Laser Compact Ion Cannon > --- INVENTORY (20) --- Flexi-carbon Leg Gravmag System Improved Sensor Array Hardened Heavy Armor Plating Compact Ion Cannon CPS Tube (2) CPS Tube (2) Powered Hammer Vortex Trap Botcube Peak State ------------ > --- POWER ------------ Light Angular Momentum Engine Fission Core > --- PROPULSION ------- Carbon-fiber Leg Carbon-fiber Leg Improved Carbon-fiber Leg Improved Carbon-fiber Leg Flexi-carbon Leg > --- UTILITY ---------- Advanced Heat Sink High-capacity Storage Unit Advanced Signal Interpreter Core Analyzer Improved Particle Charger A0-MCA's Component Scanner > --- WEAPON ----------- Compact Ion Cannon Compact Ion Cannon > --- INVENTORY -------- Light Angular Momentum Engine Light Angular Momentum Engine Armored Treads Carbon-fiber Leg Flexi-carbon Leg Gravmag System Advanced Heat Sink Improved Sensor Array Hardened Heavy Armor Plating Scrapoid Pod Heavy Laser Grenade Launcher CPS Tube CPS Tube Powered Hammer Vortex Trap Vortex Trap Botcube [Rating: 77] Favorites ----------- Power Light Angular Momentum Engine Engine Light Angular Momentum Engine Power Core Fission Core Propulsion Light Treads Treads Light Treads Leg Carbon-fiber Leg Wheel Wheel Hover Unit Gravmag System Utility High-capacity Storage Unit Device Particle Charger Storage High-capacity Storage Unit Processor A0-MCA's Component Scanner Protection Insulated Plating Weapon Heavy Particle Cannon Energy Gun Overtuned Pulse Rifle Energy Cannon Heavy Particle Cannon Ballistic Gun Assault Rifle Launcher Grenade Launcher Impact Weapon Powered Hammer Build | -11 -10 -10 -8 -6 -6 -6 -6 ------- Run | Yrd Mat Sub Scr Fac Was Fac Ext Slots Evolved 8 | . . . . 8 . . . Power 1 | . . . . 1 . . . Propulsion 3 | . . . . 3 . . . Utility 4 | . . . . 4 . . . Weapon . | . . . . . . . . Parts Attached 88 | 6 . 1 6 57 . 12 6 Power 14 | 1 . . 1 9 . 2 1 Engine 12 | 1 . . 1 8 . 1 1 Core 2 | . . . . 1 . 1 . Reactor . | . . . . . . . . Propulsion 34 | 2 . . . 23 . 6 3 Treads 6 | 2 . . . 4 . . . Leg 26 | . . . . 17 . 6 3 Wheel 1 | . . . . 1 . . . Hover 1 | . . . . 1 . . . Flight . | . . . . . . . . Utility 25 | 1 . . 3 16 . 3 2 Device 16 | . . . 1 11 . 3 1 Storage 2 | 1 . . 1 . . . . Processor 5 | . . . 1 4 . . . Hackware . | . . . . . . . . Protection 2 | . . . . 1 . . 1 Artifact . | . . . . . . . . Weapon 15 | 2 . 1 2 9 . 1 . Energy Gun 5 | 1 . . 1 3 . . . Energy Cannon 6 | . . . 1 4 . 1 . Ballistic Gun 2 | 1 . . . 1 . . . Ballistic Cannon . | . . . . . . . . Launcher 1 | . . 1 . . . . . Special Weapon . | . . . . . . . . Impact Weapon 1 | . . . . 1 . . . Slashing Weapon . | . . . . . . . . Piercing Weapon . | . . . . . . . . Special Melee Weapon . | . . . . . . . . Unidentified Prototypes . | . . . . . . . . Parts Lost 48 | . . . . 30 1 2 15 Power 10 | . . . . 5 . 1 4 Propulsion 24 | . . . . 15 1 . 8 Utility 7 | . . . . 4 . 1 2 Weapon 7 | . . . . 6 . . 1 Highest Loss Streak 13 | . . . . 6 1 2 13 To Critical Strikes 1 | . . . . . . . 1 Average Backups 12 | 2 5 6 15 11 15 14 13 Power 1 | . 1 1 1 . 2 2 1 Propulsion 2 | 1 2 2 2 1 4 4 4 Utility 2 | . . 1 3 2 3 2 2 Weapon 3 | . 1 2 4 3 3 3 2 Tool/Special . | . . . . . . . . Unused Backups 7 | . . . 3 . . . 4 Power . | . . . . . . . . Propulsion . | . . . . . . . . Utility 3 | . . . 2 . . . 1 Weapon 1 | . . . 1 . . . . Tool/Special 3 | . . . . . . . 3 Average Slot Usage (%) 95 | . 85 85 96 97 90 98 94 Engine 12 | . 14 14 14 11 13 5 9 Treads 17 | . 28 28 28 9 . . . Leg 12 | . . . . 21 29 33 29 Device 8 | . . . 7 10 3 12 12 Storage 10 | . 14 14 14 6 6 6 6 Processor 11 | . . . 3 20 20 20 20 Energy Gun 7 | . 14 14 11 3 . . . Energy Cannon 10 | . . . 13 7 13 13 11 Ballistic Gun 2 | . 14 14 2 . . . . Peak Build Rating 77 | 6 6 6 29 72 71 77 75 Average Rating 39 | 4 6 6 20 59 65 74 70 On Entrance 31 | . 6 6 6 29 71 59 76 Avg Prop Armor Cover (%) 8 | . . . . 8 . . . Naked Turns . | . . . . . . . . Heaviest Build 75 | 14 14 15 61 72 68 72 75 Greatest Support 118 | 40 40 40 40 118 89 86 83 Greatest Overweight (x) 6 | . . . 1 6 . . 2 Average Overweight (x) . | . . . . . . . . Largest Inventory Capacity 20 | 8 8 8 20 20 20 20 20 Average Capacity 18 | 7 8 8 19 20 20 20 20 Most Carried 20 | 4 6 6 20 20 20 20 20 Average Carried 15 | 2 5 6 16 16 20 19 17 Final Capacity 20 | 8 8 8 20 20 20 20 20 Final Carried 20 | 4 6 6 20 20 20 20 11 Class Distribution -------------------- 64% | Mutant 27% | Scavenger-Mutant 8% | Derelict-Mutant Dominant Class ---------------- Mutant | -10/Materials Mutant | -10/Subcaves Mutant | -8/Scraptown Scavenger-Mutant | -6/Factory Scavenger-Mutant | -6/Waste Mutant | -6/Factory Scavenger-Mutant | -6/Extension Resources | -11 -10 -10 -8 -6 -6 -6 -6 ----------- Run | Yrd Mat Sub Scr Fac Was Fac Ext Matter Collected 1549 | 169 . . 201 827 . 208 144 Remotely . | . . . . . . . . Salvage Created 3589 | . . . . 2602 . 478 509 Parts 132 | . . . . 104 . 14 14 Haulers Intercepted 2 | . . . . 2 . . . Recyclers Shooed 7 | . . . . 6 . . 1 Parts Field Recycled . | . . . . . . . . Retrieved Matter . | . . . . . . . . Parts Self-Destructed 10 | . . 10 . . . . . Prevented . | . . . . . . . . Parts Restored . | . . . . . . . . Kills | -11 -10 -10 -8 -6 -6 -6 -6 ------- Run | Yrd Mat Sub Scr Fac Was Fac Ext Combat Hostiles Destroyed 46 | . . . . 34 . 8 4 Guns 6 | . . . . 6 . . . Cannons 32 | . . . . 23 . 7 2 AOE 4 | . . . . 3 . . 1 Classes Destroyed 13 | . . . . 11 . . 2 Worker 3 | . . . . 3 . . . Builder 2 | . . . . 2 . . . Hauler 2 | . . . . 2 . . . Recycler 6 | . . . . 4 . . 2 Operator 1 | . . . . . . . 1 Watcher 1 | . . . . 1 . . . Grunt 25 | . . . . 17 . 7 1 Duelist 1 | . . . . 1 . . . Sentry 5 | . . . . 2 . 1 2 Hunter 4 | . . . . 4 . . . Programmer 9 | . . . . 9 . . . Heavy 1 | . . . . 1 . . . Behemoth 1 | . . . . . . . 1 Best Kill Streak 4 | . . . . 4 . 3 4 Combat Bots Only 3 | . . . . 3 . 3 2 Max Kills in Single Turn 2 | . . . . 2 . 1 1 Gunslinging . | . . . . . . . . Exploded 2 | . . . . 2 . . 1 Melee . | . . . . . . . . Uniques/NPCs Destroyed . | . . . . . . . . Combat | -11 -10 -10 -8 -6 -6 -6 -6 -------- Run | Yrd Mat Sub Scr Fac Was Fac Ext Hostile Shots Fired 568 | . . . . 304 7 52 205 Missed 159 | . . . . 84 2 18 55 Hits 409 | . . . . 220 5 34 150 Melee 8 | . . . . 4 1 . 3 Projectile 401 | . . . . 216 4 34 147 Critical Strikes 10 | . . . . 5 . 1 4 Damage Taken 6479 | . . . . 3990 109 520 1860 Core 861 | . . . . 505 19 20 317 Absorbed by Shields 201 | . . . . . . . 201 Ignored by Resistances 9 | . . . . 9 . . . Core Remaining (%) 100 | 100 . . 100 . . . . Volleys Fired 196 | . . 3 . 139 4 23 27 Largest 2 | . . 1 . 2 2 2 2 Hottest 180 | . . 30 . 160 150 180 180 Shots Fired 371 | . . 3 . 264 8 46 50 Gun 111 | . . . . 111 . . . Cannon 254 | . . . . 150 8 46 50 Launcher 6 | . . 3 . 3 . . . Special . | . . . . . . . . Kinetic 32 | . . . . 32 . . . Thermal 333 | . . . . 229 8 46 50 Explosive 6 | . . 3 . 3 . . . Electromagnetic . | . . . . . . . . Robot Hit Streak 22 | . . . . 22 1 8 14 Robot Miss Streak 3 | . . . . 3 2 3 2 Penetration Max . | . . . . . . . . Secondary Targets . | . . . . . . . . Shots Hit Robots 253 | . . . . 184 1 30 38 Core Hits 115 | . . . . 88 . 16 11 Critical Kills 2 | . . . . . . 1 1 Critical Parts Destroyed . | . . . . . . . . Critical Strikes 6 | . . . . 4 . 1 1 Burn 4 | . . . . 4 . . . Meltdown 2 | . . . . . . 1 1 Melee Attacks 2 | . . . . 2 . . . Impact 2 | . . . . 2 . . . Slashing . | . . . . . . . . Piercing . | . . . . . . . . Sneak Attacks . | . . . . . . . . Combat Hostiles . | . . . . . . . . Follow-up Attacks . | . . . . . . . . Damage Inflicted 7375 | . . . . 5164 103 926 1182 Guns 1723 | . . . . 1723 . . . Cannons 5104 | . . . . 2923 103 926 1152 Explosions 465 | . . . . 465 . . . Melee . | . . . . . . . . Ramming 83 | . . . . 53 . . 30 Kinetic 436 | . . . . 436 . . . Thermal 6608 | . . . . 4427 103 926 1152 Explosive 248 | . . . . 248 . . . Electromagnetic . | . . . . . . . . Impact . | . . . . . . . . Slashing . | . . . . . . . . Piercing . | . . . . . . . . Highest Corruption 20 | . . . . 5 20 20 20 Average Corruption 10 | . . . . 3 12 20 20 Corruption Purged . | . . . . . . . . Corruption Blocked . | . . . . . . . . Effects 81 | . . . . 24 10 26 21 Message Errors 18 | . . . . 3 3 9 3 Matter Fused 24 | . . . . 5 3 6 10 Heat Flow Errors 8 | . . . . 4 . 2 2 Energy Discharges 6 | . . . . 3 . 2 1 Parts Rejected 1 | . . . . 1 . . . Parts Fused 1 | . . . . 1 . . . Data Loss (minor) 5 | . . . . 1 1 2 1 Data Loss (major) 7 | . . . . 2 . 2 3 Misfires 4 | . . . . 2 . 1 1 Alerts 2 | . . . . 2 . . . Misdirections 4 | . . . . . 3 1 . Weapon Failures 1 | . . . . . . 1 . Overload Shots . | . . . . . . . . Overflow Damage 118 | . . . . 118 . . . Projectiles 40 | . . . . 40 . . . Explosions 78 | . . . . 78 . . . Melee . | . . . . . . . . Knockbacks 1 | . . . . . . . 1 Impact 1 | . . . . . . . 1 Kinetic . | . . . . . . . . Secondary . | . . . . . . . . Self-Inflicted Damage 84 | . . . . 84 . . . Shots 4 | . . . . 4 . . . Rammed . | . . . . . . . . Targets Rammed 9 | . . . . 7 . . 2 Kicked 9 | . . . . 7 . . 2 Crushed . | . . . . . . . . Highest Temperature 499 | . . . . 499 86 281 401 Average Temperature 102 | . . . . 102 38 110 109 Received Heat Transfer 1349 | . . . . 840 36 249 224 Effects 9 | . . . . 7 . . 2 Shutdowns 4 | . . . . 3 . . 1 Interference 5 | . . . . 4 . . 1 Siege Activations . | . . . . . . . . Martial Activations . | . . . . . . . . Shielding Activations . | . . . . . . . . Robots Disrupted . | . . . . . . . . Combat Hostiles . | . . . . . . . . Robots Corrupted . | . . . . . . . . Combat Hostiles . | . . . . . . . . Parts Fried . | . . . . . . . . Impact Corruptions . | . . . . . . . . Robots Melted 4 | . . . . 2 . 1 1 Combat Hostiles 4 | . . . . 2 . 1 1 Parts Melted 40 | . . . . 32 . 8 . Heat Transferred 9998 | . . . . 7186 148 1147 1517 Parts Sabotaged . | . . . . . . . . Parts Stolen . | . . . . . . . . Parts Stripped . | . . . . . . . . Power Chain Reactions . | . . . . . . . . Alert | -11 -10 -10 -8 -6 -6 -6 -6 ------- Run | Yrd Mat Sub Scr Fac Was Fac Ext Maximum Alert Level 2 | . . . . 2 . 1 . Low Security (%) 63 | 100 100 . . 48 100 61 100 Level 1 35 | . . . . 50 . 38 . Level 2 1 | . . . . 1 . . . Level 3 . | . . . . . . . . Level 4 . | . . . . . . . . Level 5 . | . . . . . . . . High Security . | . . . . . . . . Max Security . | . . . . . . . . Peak Influence 444 | . . . . 444 154 278 119 Initial 154 | . . . . . 154 45 119 Average 145 | . . . . 192 110 104 74 Influence Increases 1855 | . . . . 1135 1 409 310 Destroy 0b10 Robot/C 1000 | . . . . 680 . 160 160 Destroy 0b10 Robot/NC 75 | . . . . 60 . . 15 Destroy Leader 226 | . . . . 176 . 20 30 Allied During Kill 25 | . . . . . . . 25 Trap Triggered on 0b10 10 | . . . . . . . 10 Successful Hack 35 | . . . . 16 . 5 14 Disable Machine 120 | . . . . 90 . 15 15 Anti-Garrison Action 200 | . . . . . . 200 . Destroy Structure 89 | . . . . 68 1 9 11 Partial Spotted 15 | . . . . 15 . . . Lose Combat Pursuer 60 | . . . . 30 . . 30 Influence Decreases 1837 | . . . . 693 378 230 536 Entered New Map 433 | . . . . . 288 20 125 Time Decay 911 | . . . . 427 80 190 214 Lost Part 413 | . . . . 266 10 20 117 Lost Ally 80 | . . . . . . . 80 Squads Dispatched 19 | . . . . 14 . 2 3 Investigation 5 | . . . . 1 . 1 3 Extermination 5 | . . . . 5 . . . Reinforcement 9 | . . . . 8 . 1 . Assault . | . . . . . . . . Garrison . | . . . . . . . . Intercept . | . . . . . . . . Searches Triggered . | . . . . . . . . Construction Impeded 2 | . . . . 2 . . . Haulers Reinforced 3 | . . . . 2 . 1 . Active Scanning Responses . | . . . . . . . . Cargo Convoy Interrupts . | . . . . . . . . Stealth | -11 -10 -10 -8 -6 -6 -6 -6 --------- Run | Yrd Mat Sub Scr Fac Was Fac Ext Distress Signals 7 | . . . . 4 . . 3 Communications Jammed . | . . . . . . . . Distress Signals . | . . . . . . . . Times Spotted 86 | . 2 . . 44 8 12 20 Peak Tracking Total 9 | . 2 . . 3 6 4 9 Tactical Retreats 4 | . . . . 2 1 . 1 Traps | -11 -10 -10 -8 -6 -6 -6 -6 ------- Run | Yrd Mat Sub Scr Fac Was Fac Ext Traps Triggered 6 | . . . . 5 . . 1 Indirectly . | . . . . . . . . Trap Hack Attempts . | . . . . . . . . Triggered . | . . . . . . . . Disarmed . | . . . . . . . . Reprogrammed . | . . . . . . . . Reused 1 | . . . . . . . 1 Traps Extracted . | . . . . . . . . Installed 1 | . . . . . . . 1 Triggered 1 | . . . . . . . 1 Most Traps Carried 2 | . . . 2 2 2 2 2 Machines | -11 -10 -10 -8 -6 -6 -6 -6 ---------- Run | Yrd Mat Sub Scr Fac Was Fac Ext Machines Disabled 8 | . . . . 6 . 1 1 Max in Single Turn 4 | . . . . 4 . 1 . Garrison Access 1 | . . . . . . 1 . Machines Repaired . | . . . . . . . . Machines Dismantled . | . . . . . . . . Machines Sabotaged . | . . . . . . . . Overloaded Fab Kills . | . . . . . . . . Hacking | -11 -10 -10 -8 -6 -6 -6 -6 --------- Run | Yrd Mat Sub Scr Fac Was Fac Ext Machines Accessed 20 | . 2 . 5 3 . 3 7 Terminals 11 | . 1 . . 2 . 2 6 Fabricators . | . . . . . . . . Repair Stations 1 | . . . . . . . 1 Recycling Units 1 | . 1 . . . . . . Scanalyzers 1 | . . . . 1 . . . Garrison Access 1 | . . . . . . 1 . Total Hacks 61 | . 3 . 31 4 . 7 16 Successful 36 | . . . 31 1 . 2 2 Failed 25 | . 3 . . 3 . 5 14 Catastrophic 10 | . 1 . . 1 . 1 7 Database Lockouts . | . . . . . . . . Manual 3 | . . . . . . 3 . Terminals 20 | . 1 . . 2 . 3 14 Fabricators . | . . . . . . . . Repair Stations 2 | . . . . . . . 2 Recycling Units 2 | . 2 . . . . . . Scanalyzers 2 | . . . . 2 . . . Garrison Access 4 | . . . . . . 4 . Terminal Hacks 34 | . . . 31 1 . . 2 Record 25 | . . . 25 . . . . Robot Analysis 5 | . . . 5 . . . . Open Door 2 | . . . . . . . 2 Branch Access Points 1 | . . . . 1 . . . Proto ID Catalog 1 | . . . 1 . . . . Fabricator Hacks . | . . . . . . . . Repair Station Hacks . | . . . . . . . . Recycling Unit Hacks . | . . . . . . . . Scanalyzer . | . . . . . . . . Garrison Access Hacks . | . . . . . . . . Unauthorized Hacks 2 | . . . . . . 2 . Terminals 1 | . . . . . . 1 . Botnet 1 | . . . . . . 1 . Fabricators . | . . . . . . . . Repair Stations . | . . . . . . . . Recycling Units . | . . . . . . . . Scanalyzers . | . . . . . . . . Garrison Access 1 | . . . . . . 1 . Jam 1 | . . . . . . 1 . Data Cores Recovered 1 | . . . . . . . 1 Used . | . . . . . . . . Hacking Detections 12 | . 2 . . 2 . 3 5 Full Trace Events 3 | . . . . . . . 3 Feedback Events . | . . . . . . . . Feedback Blocked . | . . . . . . . . Robot Schematics Acquired . | . . . . . . . . Robots Built . | . . . . . . . . Authchips . | . . . . . . . . Time . | . . . . . . . . Total Robot Build Rating . | . . . . . . . . Part Schematics Acquired . | . . . . . . . . Parts Built . | . . . . . . . . Authchips . | . . . . . . . . Time . | . . . . . . . . Total Part Build Rating . | . . . . . . . . Part Studies Acquired . | . . . . . . . . Parts Repaired . | . . . . . . . . Time . | . . . . . . . . Parts Recycled . | . . . . . . . . Recycled Matter . | . . . . . . . . Retrieved Matter . | . . . . . . . . Retrieved Components . | . . . . . . . . Parts Scanalyzed . | . . . . . . . . Part Schematics Acquired . | . . . . . . . . Parts Damaged . | . . . . . . . . Bothacking | -11 -10 -10 -8 -6 -6 -6 -6 ------------ Run | Yrd Mat Sub Scr Fac Was Fac Ext Used RIF Installer . | . . . . . . . . Robots Hacked . | . . . . . . . . Non-combat . | . . . . . . . . Combat . | . . . . . . . . Robot Hacks Applied . | . . . . . . . . Relay Couplers Released . | . . . . . . . . Fabnet Peak Effective % . | . . . . . . . . Robots Rewired . | . . . . . . . . Allies Hacked . | . . . . . . . . Hacks Repelled . | . . . . . . . . Allies | -11 -10 -10 -8 -6 -6 -6 -6 -------- Run | Yrd Mat Sub Scr Fac Was Fac Ext Total Allies 4 | . . . . . . . 4 Largest Group 3 | . . . . . . . 3 Highest-Rated Group 98 | . . . . . . . 98 Highest-Rated Ally 39 | . . . . . . . 39 Total Orders . | . . . . . . . . Ally Attacks 62 | . . . . . . . 62 Total Damage 933 | . . . . . . . 933 Kills 4 | . . . . . . . 4 Allies Corrupted . | . . . . . . . . Allies Melted . | . . . . . . . . Intel | -11 -10 -10 -8 -6 -6 -6 -6 ------- Run | Yrd Mat Sub Scr Fac Was Fac Ext Active Infowar (turns) 1960 | . . . . 1561 . 133 266 Optics 189 | . . . . 189 . . . Sensors 1760 | . . . . 1361 . 133 266 IFF 11 | . . . . 11 . . . Robot Analysis Total 5 | . . . 5 . . . . Derelict Logs Recovered . | . . . . . . . . Drone Launches . | . . . . . . . . Drone Recoveries . | . . . . . . . . Exploration | -11 -10 -10 -8 -6 -6 -6 -6 ------------- Run | Yrd Mat Sub Scr Fac Was Fac Ext Turns Passed 7018 | 65 282 282 2995 2313 174 449 458 Spaces Moved 3307 | 34 122 165 1276 1041 135 279 255 Core 4 | 4 . . . . . . . Treads 1943 | 30 122 165 1276 350 . . . Legs 1351 | . . . . 682 135 279 255 Wheels 9 | . . . . 9 . . . Hover . | . . . . . . . . Flight . | . . . . . . . . Fastest Speed 50 | 50 160 160 160 120 120 120 120 Average Speed 179 | 147 160 160 231 160 120 120 127 Slowest Speed 260 | 160 160 160 240 245 120 120 260 Overloaded Moves . | . . . . . . . . Propulsion Burnouts . | . . . . . . . . Robots Hopped . | . . . . . . . . Potential Cave-ins . | . . . . . . . . Cave-ins Triggered . | . . . . . . . . Exploration Rate (%) 37 | 4 36 12 91 32 84 9 31 Regions Visited 7 Branch Regions 3 Pre-discovered Areas 1 | . . . 1 . . . . Known Exits Taken 1 | . . . . . . 1 . Unknown Exits Taken 4 | 1 1 1 1 . . . . Scrap Searched 5 | . . . 5 . . . . Spaces Dug 2 | . . . . 2 . . . Terrain Destroyed 90 | . . 8 . 70 1 8 3 Melee . | . . . . . . . . Projectile 32 | . . . . 20 1 8 3 AOE 58 | . . 8 . 50 . . . Terrain Rammed . | . . . . . . . . Walls Destroyed . | . . . . . . . . Machines Disabled . | . . . . . . . . Actions | -11 -10 -10 -8 -6 -6 -6 -6 --------- Run | Yrd Mat Sub Scr Fac Was Fac Ext Total 3994 | 46 209 179 1325 1415 138 347 335 Wait 266 | 3 86 10 18 101 . 22 26 Move 3301 | 33 121 164 1275 1041 134 278 255 Hop . | . . . . . . . . Pick Up 39 | 4 2 . 15 17 . 1 . Fast Attach 46 | 6 . . 5 29 . 2 4 Attach 41 | . . . . 29 . 4 8 Detach 21 | . . . 4 16 . . 1 Swap 35 | . . 2 2 17 . 10 4 Drop 27 | . . . 6 12 . 7 2 Fire 196 | . . 3 . 139 4 23 27 Melee 2 | . . . . 2 . . . Ram . | . . . . . . . . Kick 9 | . . . . 7 . . 2 Crush . | . . . . . . . . Escape Stasis 10 | . . . . 5 . . 5 Rewire . | . . . . . . . . Trap 1 | . . . . . . . 1 Miscellaneous . | . . . . . . . . Route ------- -11/Scrapyard -10/Materials (discovered 2 exits: [*Mat] / [*Sub]) -10/Subcaves -8/Scraptown (discovered 2 exits: *Fac x2) -6/Factory (discovered 6 exits: *Fac x2 / Low x2 / Ext x2) -6/Waste -6/Factory -6/Extension History --------- Turn | Location | Event 8 | -11/Scrapyard | Discovered new exit (range 15) 66 | -11/Scrapyard | Entered Materials 226 | -10/Materials | Discovered new exit (range 3) 314 | -10/Materials | Build established: Mutant 323 | -10/Materials | Discovered new exit (range 9) 348 | -10/Materials | Entered Subcaves 349 | -10/Subcaves | Approached by a straggling Scientist 503 | -10/Subcaves | A swath of the cavern ceiling suddenly collapsed 629 | -10/Subcaves | Scientist uncovered a shortcut to Scraptown 630 | -10/Subcaves | Entered Scraptown 670 | -8/Scraptown | Heard Great Nut preacher, LISTEN AND RECITE! 758 | -8/Scraptown | Learned location of Extension (-6) 1166 | -8/Scraptown | Discovered new exit (range 5) 1828 | -8/Scraptown | Visited CPS Storage 1864 | -8/Scraptown | Visited IN-MT5's Study 1940 | -8/Scraptown | Visited Spacefarers 2110 | -8/Scraptown | Visited Fellowship of the Rings 2177 | -8/Scraptown | Visited The Evicted 2247 | -8/Scraptown | Visited UFD Registry 2247 | -8/Scraptown | Registered with UFD as "Wavenade" 2297 | -8/Scraptown | Visited Comm Corps 2458 | -8/Scraptown | Visited Scrapoid Research Area 2497 | -8/Scraptown | Visited Botcube Research 2513 | -8/Scraptown | Found Botcube 2553 | -8/Scraptown | Visited Science Guys 2916 | -8/Scraptown | Visited A0-MCA Data Center 2930 | -8/Scraptown | Given a C rating by A0-MCA 2938 | -8/Scraptown | Found A0-MCA's Component Scanner 2985 | -8/Scraptown | Visited Analyses Database 3043 | -8/Scraptown | Visited Scrapoid Pod Storage 3055 | -8/Scraptown | Found Scrapoid Pod 3101 | -8/Scraptown | Visited Chapter 10 3154 | -8/Scraptown | Visited LU-1G1's Boring Crew 3262 | -8/Scraptown | Visited Curators Association 3478 | -8/Scraptown | Met Optimus 3478 | -8/Scraptown | Accepted into 0bPrime 3613 | -8/Scraptown | Discovered new exit (range 3) 3625 | -8/Scraptown | Entered Factory 3625 | -6/Factory | Evolved 8 slots: Power x1, Propulsion x3, Utility x4 3926 | -6/Factory | Build established: Derelict-Mutant 3996 | -6/Factory | Discovered new exit (range 7) 4010 | -6/Factory | Identified exit to Factory 4458 | -6/Factory | Lost 4 parts (2n1u1w) 4696 | -6/Factory | Build established: Scavenger-Mutant 4794 | -6/Factory | Lost 6 parts (1p4n1w) 5049 | -6/Factory | Lost 3 parts (1p1u1w) 5118 | -6/Factory | Lost 5 parts (3n1u1w) 5266 | -6/Factory | Lost 6 parts (1p4n1w) 5556 | -6/Factory | Identified exit to Lower Caves 5556 | -6/Factory | Identified exit to Extension 5625 | -6/Factory | Discovered exit to Factory (range 6) 5697 | -6/Factory | Core integrity fell below 50% 5755 | -6/Factory | Build established: Mutant 5938 | -6/Factory | Sucked down chute 5938 | -6/Factory | Entered Waste 5953 | -6/Waste | EMP discharged 5953 | -6/Waste | System corruption reached 10% 5956 | -6/Waste | Spotted C-40 Crusher 6000 | -6/Waste | Spotted C-40 Crusher 6015 | -6/Waste | Spotted C-40 Crusher 6020 | -6/Waste | Spotted C-40 Crusher 6020 | -6/Waste | Spotted C-40 Crusher 6021 | -6/Waste | Spotted C-40 Crusher 6029 | -6/Waste | Crushed by Compactor (1 part destroyed, 2 dropped) 6053 | -6/Waste | EMP discharged 6102 | -6/Waste | Discovered new exit (range 10) 6111 | -6/Waste | Identified exit to Factory 6112 | -6/Waste | Entered Factory 6543 | -6/Factory | Discovered exit to Extension (range 16) 6561 | -6/Factory | Entered Extension 6606 | -6/Extension | Rescued a captive Derelict 6607 | -6/Extension | Rescued a captive Derelict 6628 | -6/Extension | Rescued a captive Derelict 6658 | -6/Extension | Build established: Scavenger-Mutant 6843 | -6/Extension | Spotted B-75 Beast 6860 | -6/Extension | Spotted B-75 Beast 6877 | -6/Extension | Destroyed B-75 Beast 6952 | -6/Extension | Core integrity fell below 20% 6955 | -6/Extension | Rescued a captive Derelict 6997 | -6/Extension | Lost 13 parts (3p7n2u1w) 7019 | -6/Extension | Destroyed by L-41 Fighter with Axe Last Messages --------------- Slug penetrates Repair Station. U-05 Engineer lays Concrete. Connecting with Repair Station... H-66 Slayer critical meltdown. U-05 Engineer lays Concrete. Acquired 25 matter. U-05 Engineer lays Concrete. W-25 Informer sends out distress signal. U-05 Engineer lays Concrete. U-05 Engineer builds a Wall. Acquired Imp. Light Armor Plating. Critical hit (Burn: +37). U-05 Engineer builds a Wall. Dropped Scrapoid Pod. U-05 Engineer lays Concrete. U-05 Engineer builds a Wall. PA-A80(g) destroyed. U-05 Engineer builds a Wall. Acquired Carbon-fiber Leg. R-10 Processor collects Carbon-fiber Leg. Map ----- +----------------------------------------------------+ | | | ?????????????????????????????????????????????????? | | ?????????????????????????????????????????????????? | | ?????????????????????????????????????????????????? | | ?????????????????????????????????????????????????? | | ?????????????????????????????????????????????????? | | ?????????????????????????????????????????????????? | | ?????????????????????????????????????????????????? | | ?????????????????????????????????????????????????? | | ?????????????????????????????????????????????????? | | ?????????????????????????????????????????????????? | | ??????????????????#########??????????????????????? | | ??????????????????# ^ #??????????????????????? | | ??????????###?????#^ #??????????????????????? | | ??????????#!####### != ####???????????????????? | | ??????????"!+% ^^!/ """#???????????????????? | | ??????????#T###### = """#???????????????????? | | ??????????###??# " R"#???????????????????? | | ????###?#?????## " """#???????????????????? | | #####"###""####""" %%"" #???????????????????? | | % ####???????????????????? | | ##########""""" % #??????????????????????? | | ?????????###### "# ##"# #??????????????????????? | | ??????????????# ; #; # #??????????????????????? | | ??????????????## ;; ;; ##?????????????????????? | | ?????????????# "# #; *@;#?????????????????????? | | ?????????????# ######; ##l!#?????????????????????? | | ?????????????##?????##### !#?????????????????????? | | ????????????????????????#R###????????????????????? | | ??????????????????????###g#%#????????????????????? | | ??????????????????????# #g#=##???????????????????? | | ???????????????????????##g#%###??#???????????????? | | ??????????????????????###u###=## ### #???????????? | | ??????????????????????#"% %!%! "" ""??????????? | | ?????????????????????## %%%%% " " ??????????? | | ?????????????????????#" %%%% #?????????? | | ?????????????????????## #?????????? | | ??????????????????????# #?????????? | | ????????????????????? ???????? | | ??????????????????? % ???????? | | ????????????????? ????????? | | ??????????????? ????????? | | ?????????????? ????????? | | ???????????????######"# #?????????? | | ????????????????????### #?????????? | | ??????????????????????# ??????????? | | ??????????????????????# ??????????? | | ??????????????????????# ????????????? | | ??????????????????????###"#"T#"""##??????????????? | | ?????????????????????????#?"#????????????????????? | +----------------------------------------------------+ Best States ------------- Heat Dissipation 75 Coolant Potential 50 Energy Generation 31 Energy Capacity 400 Matter Stores 300 Matter Capacity 300 Sight Range 22 Robot Scan Range 15 Terrain Scan Density 10 Armor Coverage 150 Resistance: EM 15 Evasion (%) 55 Core Analysis 6 Recoil Reduction 5 Matter Filtering 30 Particle Charging 20 Item Schematics ----------------- None Robot Schematics ------------------ None Fabricated ------------ Nothing Repaired ---------- Nothing Studied --------- None Alien Tech Used ----------------- None Achievements -------------- Nice Directions, Buddy Wiki Contributor Challenges ------------ None Game ------ Seed RestorationSalvagingSource Manual? 0 Play Time 00:52:49 Cumulative 361.5 hours Start 2025.11.29 @ 17:07:00 End 2025.11.29 @ 18:04:01 Sessions 1 Manual Loads 0 Difficulty Rogue Special Mode None Game No. 358 Rogue 358 Adventurer 0 Explorer 0 Win Type - Total 26 Types 19/0/4/3/0/0/0/0/0/0 Lore% 73 Gallery% 76 Achievement% 50 Wizard Run 0 Options --------- Layout 0 ASCII 0 Keyboard 1 Movement Numpad Keybinds 0 Fullscreen 1 Font 18/SmallcapsGlow Map View 76x50 Zoom Use 0% Tactical HUD 1 Map Filters NONE Filters NONE Steam 1 RUN: 8f4e2a3b-27f8-48a0-b58c-61065ac2f309